 Dungeon Crawl Stone Soup version 0.30-a0-738-g116ff8c4af (webtiles) character file.

Game seed: 12131384978623690625

3928 Dordric the Basher (level 10, -3/92 HPs)
             Began as an Ogre Berserker on Feb 3, 2023.
             Was an Elder of Trog.
             Slain by a bullfrog (4 damage)
             ... on level 9 of the Dungeon.
             The game lasted 00:08:00 (8238 turns).

Dordric the Basher (Ogre Berserker)                 Turns: 8238, Time: 00:08:00

Health: -3/92      AC:  6    Str: 27    XL:     10   Next: 21%
Magic:  10/10      EV: 10    Int:  8    God:    Trog [****..]
Gold:   425        SH:  0    Dex:  8    Spells: 9/9 levels left

rFire   . . .      SeeInvis .    x - +3 dire flail (holy)
rCold   . . .      Faith    .    (shield currently unavailable)
rNeg    + . .      Spirit   .    c - +0 steam dragon scales
rPois   .          Reflect  .    (helmet restricted)
rElec   .          Harm     .    (no cloak)
rCorr   .          Rampage  .    (gloves unavailable)
Will    +....                    (boots unavailable)
Stlth   +                        (no amulet)
HPRegen 0.35/turn                y - ring of positive energy
MPRegen 0.12/turn                (no ring)

@: on berserk cooldown, slowed, very slow
A: large, unfitting armour, tough skin 1
a: Renounce Religion, Berserk, Trog's Hand, Brothers in Arms


You were on level 9 of the Dungeon.
You worshipped Trog.
Trog was greatly pleased with you.
You visited 1 branch of the dungeon, and saw 9 of its levels.

You collected 425 gold pieces.

Inventory:

Hand Weapons
 a - a +0 mace
 g - a +0 whip of venom
 v - a +1 giant club
 x - a +3 dire flail of holy wrath (weapon)
Missiles
 z - a throwing net (quivered)
Armour
 b - a +1 animal skin
 c - +0 steam dragon scales (worn)
Jewellery
 y - a ring of positive energy (left hand)
 H - a ring of poison resistance
Wands
 C - a wand of iceblast (7)
 D - a wand of mindburst (13)
Scrolls
 k - 2 scrolls of fear
 l - a scroll of butterflies
 p - 3 scrolls of torment
 q - 5 scrolls of teleportation
 s - 3 scrolls of magic mapping
 t - a scroll of fog
 u - 2 scrolls of poison
 A - a scroll of blinking
 E - a scroll of brand weapon
 F - a scroll of enchant weapon
 G - a scroll of amnesia {unknown}
 I - 2 scrolls of identify
Potions
 d - 8 potions of curing {unknown}
 e - 2 potions of brilliance {unknown}
 f - a potion of berserk rage {unknown}
 h - 3 potions of mutation {unknown}
 i - a potion of magic {unknown}
 j - 2 potions of haste
 m - a potion of attraction {unknown}
 n - 3 potions of lignification {unknown}
 o - a potion of ambrosia {unknown}
 r - 2 potions of flight {unknown}
 w - 3 potions of might {unknown}
 B - a potion of heal wounds {unknown}
 J - a potion of invisibility {unknown}
 K - a potion of cancellation {unknown}


   Skills:
 - Level 4.0 Fighting
 + Level 13.4 Maces & Flails
 - Level 2.6 Dodging


You had 9 spell levels left.
You didn't know any spells.
Your spell library was empty.

Dungeon Overview and Level Annotations

Branches:
Dungeon (9/15)             Temple (0/1) D:4
   Lair: D:8-11         Orc: D:9-12

Altars:
Ashenzari
Elyvilon
Gozag
Xom
Zin

Shops:
D:5 ?

Annotations:
D:3 2 runed translucent doors, jasper's ghost, amateur DgFi


Innate Abilities, Weirdness & Mutations

You are too large for most types of armour.
You have tough skin. (AC +1)


Message History

You closely miss the komodo dragon.
The komodo dragon is lightly wounded.
The black bear bites you but does no damage.
The black bear claws you but does no damage. x2
The komodo dragon bites you!!
* * * LOW HITPOINT WARNING * * *
You impale the komodo dragon!!
The komodo dragon is heavily wounded.
You feel sick.
You feel sick.
A bullfrog comes into view.
Things that are here:
a +0 club; a +0 scale mail; an orc corpse You feel a strong urge to attack something.
The bullfrog gives a loud, deep croak!
Things that are here:
a +0 dagger; an orc corpse You feel sick.
Things that are here:
a +0 shortbow; a centaur corpse You feel your anger nearly subside.
You are no longer berserk.
You are exhausted.
You feel yourself slow down.
You feel sick.
You feel sick.
The black bear attacks as you move away!
The black bear bites you but does no damage.
The black bear claws you.
* * * LOW HITPOINT WARNING * * *
The black bear claws you.
* * * LOW HITPOINT WARNING * * *
You feel sick.
You are no longer poisoned.
The bullfrog hits you but does no damage.
The black bear barely misses you. The black bear claws you.
* * * LOW HITPOINT WARNING * * *
The black bear claws you.
* * * LOW HITPOINT WARNING * * *
There is an escape hatch in the ceiling, spattered with blood here.
The bullfrog misses you. The bullfrog hits you.
You die...

#.###.####### ....... #.#
#.......# ...z[.
#.###.......##....#
#..##.......##....##. .
##)<#.).....##†........
##[#.....))).........o
##)#.....z.#...##.....
#####.....h........##.....
#......[>@Fl..............
#.#####........#..........
#...# #(####.###....##....
###.###.# #.# ##...##....
#...#.# ##.####........
###...###.............#
####......#...........#
#......................
#.........#............


You could see a komodo dragon, a black bear, a bullfrog and a wight.

Vanquished Creatures
  Joseph (D:7)
  A hornet (D:4)
  A polar bear (D:8)
  Sigmund (D:4)
  A steam dragon (D:6)
  3 yaks (D:9)
  Edmund (D:5)
  A water moccasin (D:9)
  2 orc warriors (D:9)
  A black bear (D:4)
  An ogre (D:5)
  3 ice beasts
  4 centaurs
  Blork the orc (D:6)
  3 bullfrogs
  4 scorpions
  A gnoll sergeant (D:8)
  2 howler monkeys
  4 hounds
  A jelly (D:6)
  3 orc priests
  3 iguanas
  4 orc wizards
  4 gnolls (D:8)
  9 adders
  A shadow imp (D:5)
  4 white imps
  2 ufetubi (D:8)
  5 worms
  2 dart slugs (D:4)
  31 orcs
  3 endoplasms
  3 giant cockroaches
  2 goblins
  4 hobgoblins
  3 jackals (D:2)
  4 quokkas
  3 ball pythons
  6 bats
  8 frilled lizards
  6 kobolds
  14 rats
161 creatures vanquished.

Vanquished Creatures (others)
  45 fungi (D:9)
  54 plants (D:9)
99 creatures vanquished.

Grand Total: 260 creatures vanquished

Notes
Turn   | Place    | Note
-------+----------+-------------------------------------------
     0 | D:1      | Dordric the Ogre Berserker began the quest for the Orb.
     0 | D:1      | Reached XP level 1. HP: 24/24 MP: 1/1
   115 | D:1      | Reached skill level 3 in Maces & Flails
   238 | D:1      | Reached XP level 2. HP: 32/32 MP: 2/2
   533 | D:2      | Reached XP level 3. HP: 31/39 MP: 3/3
   537 | D:2      | Reached skill level 4 in Maces & Flails
   643 | D:2      | Reached ** piety under Trog
   922 | D:2      | Reached XP level 4. HP: 47/48 MP: 4/4
   925 | D:2      | Found an opulent altar of Gozag.
  1527 | D:3      | Found a runed translucent door.
  1528 | D:3      | Noticed jasper's ghost (amateur DgFi)
  1544 | D:3      | Found a runed translucent door.
  2080 | D:4      | Found a staircase to the Ecumenical Temple.
  2101 | D:4      | Reached skill level 5 in Maces & Flails
  2101 | D:4      | Reached XP level 5. HP: 47/54 MP: 5/5
  2351 | D:4      | Noticed a black bear
  2368 | D:4      | Killed a black bear
  2369 | D:4      | Reached skill level 6 in Maces & Flails
  2369 | D:4      | Reached XP level 6. HP: 62/62 MP: 6/6
  2479 | D:4      | Noticed Sigmund
  2506 | D:4      | Killed Sigmund
  2745 | D:4      | Noticed a hornet
  2755 | D:4      | Paralysed by a hornet for 1 turns
  2762 | D:4      | Killed a hornet
  2763 | D:4      | Reached skill level 7 in Maces & Flails
  2763 | D:4      | Reached XP level 7. HP: 52/70 MP: 7/7
  3234 | D:4      | Reached skill level 8 in Maces & Flails
  3305 | D:4      | Reached *** piety under Trog
  3541 | D:5      | Entered Level 5 of the Dungeon
  3786 | D:5      | Found a broken altar of Ashenzari.
  3827 | D:5      | Found Umederir's Magic Scroll Emporium.
  3836 | D:5      | Reached XP level 8. HP: 78/78 MP: 8/8
  4164 | D:5      | Reached skill level 9 in Maces & Flails
  4218 | D:5      | Noticed Edmund
  4227 | D:5      | Killed Edmund
  5119 | D:6      | Reached skill level 10 in Maces & Flails
  5484 | D:6      | Noticed Blork the orc
  5492 | D:6      | Killed Blork the orc
  5493 | D:6      | Reached XP level 9. HP: 65/84 MP: 9/9
  5849 | D:7      | Found a shimmering altar of Xom.
  6115 | D:7      | Noticed Joseph
  6127 | D:7      | Killed Joseph
  6128 | D:7      | Reached skill level 11 in Maces & Flails
  7045 | D:8      | Found a glowing silver altar of Zin.
  7048 | D:8      | Found a white marble altar of Elyvilon.
  7082 | D:8      | Noticed a polar bear
  7091 | D:8      | Killed a polar bear
  7092 | D:8      | Reached skill level 12 in Maces & Flails
  8075 | D:9      | Reached XP level 10. HP: 92/92 MP: 10/10
  8079 | D:9      | Reached skill level 13 in Maces & Flails
  8159 | D:9      | Reached **** piety under Trog
  8236 | D:9      | HP: 3/92 [black bear (2)]
  8237 | D:9      | HP: 1/92 [black bear (1)]
  8238 | D:9      | Slain by a bullfrog

Illustrated notes

Levels and vault maps discovered:
D:1:      dpeg_arrival_more_subterranean_lakeside_camping, layout_rooms,
          minmay_rat_gold_closets
D:2:      layout_basic, basic_altar, minmay_lizard_pond
D:3:      layout_basic, ebering_ghost_sewer_f, fountainhead
D:4:      layout_loops_cross, minmay_temple_entry_statues_pillars,
          grunt_ministairs_13, uniq_sigmund
D:5:      layout_loops_ring, mainiacjoe_overflow_six_doors_small, serial_shops,
          shop, skrybe_limestone_x, minmay_misc_feat_columns, uniq_edmund
D:6:      layout_rooms, kennysheep_generic_room_2, uniq_blork_the_orc
D:7:      layout_gridville, lemuel_tele_altar, uniq_joseph
D:8:      layout_basic, chequers_temple_overflow_statue_of_worship, serial_ice,
          serial_ice_h, serial_ice_n, serial_ice_e, serial_ice_m,
          minmay_stone_trees_small
D:9:      layout_rooms, due_lair_maze_entry_diamond, erik_orc_4,
          kennysheep_potato

Skill      XL: |  1  2  3  4  5  6  7  8  9 10 |
---------------+-------------------------------+-----
Maces & Flails | 3 4 5 6 7 8 10 12 13 | 13.4
Fighting       | |  4.0
Dodging        | |  2.6

Action                     |  1- 3 |  4- 6 |  7- 9 | 10-12 || total
---------------------------+-------+-------+-------+-------++-------
  Melee: Mace              |    21 |       |       |       ||    21
         Whip              |    87 |   143 |    60 |       ||   290
         Punch             |     2 |     1 |     1 |       ||     4
         Dire flail        |       |       |   175 |    44 ||   219
         Giant club        |       |       |    26 |       ||    26
 Invoke: Berserk           |     1 |     3 |     7 |     1 ||    12
    Use: Scroll            |     1 |       |    11 |       ||    12
 Armour: Animal skin       |    25 |    26 |    21 |       ||    72
         Steam dragon scal |       |       |    35 |    13 ||    48
  Dodge: Dodged            |    52 |    56 |    97 |    21 ||   226

Table legend: (Time is in decaauts)
 A = Elapsed time spent in this place.
 B = Non-inter-level travel time spent in this place.
 C = Inter-level travel time spent in this place.
 D = Time resting spent in this place.
 E = Time spent auto-exploring this place.
 F = Levels seen in this place.
 G = Mean time per level.
                   A        B        C        D        E       F      G
               +--------+--------+--------+--------+--------+-----+--------+
         Total |   8230 |   7995 |    235 |    793 |   6103 |   9 |  914.4 |
       Dungeon |   8230 |   7995 |    235 |    793 |   6103 |   9 |  914.4 |
               +--------+--------+--------+--------+--------+-----+--------+

Top non-repeatable levels by time:
     D:4: 1538 daAuts
     D:5: 1506 daAuts
     D:8: 1209 daAuts
     D:3: 897 daAuts
     D:7: 894 daAuts
     D:6: 688 daAuts
     D:2: 586 daAuts
     D:1: 507 daAuts
     D:9: 401 daAuts
